 Dungeon Crawl Stone Soup version 0.25-a0-576-g50b708a4c4 (webtiles) character file.

Game seed: 4358507812540771130, levelgen mode: deterministic

31668 Flugslaktarn the Cleaver (level 13, -2/121 HPs)
             Began as a Deep Dwarf Fighter on Mar 1, 2020.
             Was an Elder of Makhleb.
             Shot with a bolt by a naga sharpshooter (19 damage)
             ... on level 3 of the Snake Pit.
             The game lasted 00:08:28 (9708 turns).

Flugslaktarn the Cleaver (Deep Dwarf Fighter)       Turns: 9708, Time: 00:08:29

Health: -2/121     AC: 23    Str: 24    XL:     13   Next: 27%
Magic:  8/8        EV:  7    Int: 10    God:    Makhleb [****..]
Gold:   417        SH: 15    Dex: 12    Spells: 12/12 levels left

rFire    + . .     SeeInvis .   v - +6 broad axe (flame)
rCold    . . .     Gourm    .   c - +0 kite shield
rNeg     . . .     Faith    .   H - +0 chain mail of Jacay {Slay+5}
rPois    +         Spirit   .   M - +2 helmet
rElec    .         Reflect  +   l - +2 cloak
rCorr    .         Harm     .   i - +0 pair of gloves
MR       +....                  p - +2 pair of boots {run}
Stlth    ..........             J - +3 amulet of reflection
HPRegen  0.00/turn              f - ring of protection from fire
MPRegen  0.11/turn              o - ring of poison resistance

@: lethally poisoned (-2 -> -2), non-regenerating, studying Invocations, quick
A: damage resistance, heal wounds, sense surroundings 2, no regeneration
a: Heal Wounds, Minor Destruction, Lesser Servant of Makhleb, Major Destruction,
Renounce Religion


You were on level 3 of the Snake Pit.
You worshipped Makhleb.
Makhleb was greatly pleased with you.
You were not hungry.

You visited 4 branches of the dungeon, and saw 18 of its levels.
You also visited: Ossuary and Volcano.

You collected 817 gold pieces.
You spent 400 gold pieces at shops.

Inventory:

Hand Weapons
 a - a +1 vampiric war axe
 v - a +6 broad axe of flaming (weapon)
   (You found it in a volcano)
Missiles
 y - a throwing net (quivered)
Armour
 c - a +0 kite shield (worn)
 i - a +0 pair of gloves (worn)
   (You found it on level 1 of the Dungeon)
 l - a +2 cloak (worn)
   (You found it on level 2 of the Dungeon)
 p - a +2 pair of boots of running (worn)
   (You acquired it on level 1 of the Snake Pit)
 C - a +3 plate armour of fire resistance
   (You took it off an orc warrior on level 7 of the Dungeon)
 H - the +0 chain mail of Jacay (worn) {Slay+5}
   (You found it on level 2 of the Snake Pit)

   It affects your accuracy and damage with ranged weapons and melee attacks
   (+5).
   If you remove this armour, your AC will decrease by 12 (23 -> 11).
 M - a +2 helmet (worn)
   (You found it on level 3 of the Lair of Beasts)
Jewellery
 f - a ring of protection from fire (left hand)
   (You found it on level 5 of the Dungeon)
 k - an uncursed ring of resist corrosion
   (You bought it in a shop on level 6 of the Dungeon)
 o - a ring of poison resistance (right hand)
   (You bought it in a shop on level 6 of the Dungeon)
 s - an uncursed ring of protection from fire
   (You found it on level 9 of the Dungeon)
 G - an uncursed ring of wizardry {unknown}
   (You found it on level 2 of the Snake Pit)
 J - a +3 amulet of reflection (around neck)
   (You found it on level 3 of the Lair of Beasts)
Wands
 E - a wand of paralysis (10)
   (You found it on level 4 of the Lair of Beasts)
Scrolls
 t - 2 scrolls of teleportation
 u - 9 scrolls of remove curse
 x - a scroll of fear
 B - a scroll of magic mapping
 F - a scroll of immolation
 I - a scroll of enchant weapon
Potions
 b - a potion of magic
 d - 4 potions of might
 g - 2 potions of ambrosia
 h - 3 potions of haste
 j - 2 potions of invisibility
 m - a potion of berserk rage {unknown}
 n - a potion of resistance
 q - 11 potions of curing
 w - 3 potions of heal wounds
 z - 3 potions of stabbing
 D - 2 potions of brilliance
Books
 r - a manual of Invocations
   (You acquired it on level 1 of the Snake Pit)
Comestibles
 e - 22 rations
 A - 3 chunks of flesh


   Skills:
 * Level 9.5 Fighting
 * Level 14.3 Axes
 + Level 10.8 Armour
 + Level 10.8 Shields
 + Level 11.6 Invocations


You had 12 spell levels left.
You didn't know any spells.
Your spell library was empty.

Dungeon Overview and Level Annotations

Branches:
Dungeon (9/15)             Temple (1/1) D:7            Lair (5/6) D:8
 Shoals (0/4) Lair:2        Snake (3/4) Lair:2          Orc (0/2) D:9
Ossuary (visited)         Volcano (visited)
  Slime: Lair:5-6

Altars:
Ashenzari
Cheibriados
Dithmenos
Elyvilon
Fedhas
Gozag
Hepliaklqana
Kikubaaqudgha
Makhleb
Nemelex Xobeh
Qazlal
Sif Muna
Trog
Uskayaw
Vehumet
Wu Jian
Xom
Yredelemnul
Zin
The Shining One

Shops:
D:6 =

Annotations:
D:6 exclusion: goblin
Lair:2 exclusion: oklob plant
Lair:3 exclusion: oklob plant
Lair:4 2 transporters, Doschamyxt's ghost, journeyman MfGl


Innate Abilities, Weirdness & Mutations

You are resistant to damage.
You can heal yourself by infusing magical energy.
You passively map the area around you.
You do not regenerate.


Message History

Your magical essence is drained by the effort!
You feel much better.
The shock serpent bites you but does no damage.
You block the naga mage's attack.
The nagaraja hits you from afar with a +0 spear!
* * * LOW HITPOINT WARNING * * *
The nagaraja points at you and mumbles some strange words.
The bolt of poison hits the guardian serpent!
The guardian serpent is poisoned.
The guardian serpent dies!
The bolt of poison hits you! You resist.
* * * LOW HITPOINT WARNING * * *
The naga hits you but does no damage.
The naga sharpshooter spits poison at you.
The splash of poison hits you but does no damage.
You resist.
The naga sharpshooter mumbles some strange words.
The naga sharpshooter magically shoots a bolt.
The bolt hits you!!
You die...

* * ##....## ,,
##...)..## ,, *
#........## ,. ,
,, #..(......# ..,
, #.........+...,
, #...N.N.....N. ,
##...N)NNS..... ,
, #...(†@#...N.S.
, #...#SSSN.#, , ,
#...NNN.N....[. ,,
, #..NNN.N.....(.
,,
#.N#N.N8..>#..., ,
, ...N(...........
+ ,,
................ ,
***
*.....#..<..#....,
**
,..(....#.......
^,


You could see a naga warrior, 3 nagarajas, 4 naga sharpshooters, a salamander, a
shock serpent, a mana viper, a guardian serpent, a black mamba, 4 naga magi and
6 nagas.

Vanquished Creatures
  A nagaraja (Snake:3)
  A naga warrior (Snake:2)
  A catoblepas (Lair:4)
  A naga sharpshooter (Snake:1)
  3 shock serpents
  The ghost of barakagiga the Covered, a novice DDFi of Makhleb (D:7)
  A mana viper (Snake:3)
  An orc sorcerer (Volcano)
  An ugly thing (Volcano)
  A manticore (Lair:2)
  3 salamanders (Snake:2)
  4 black mambas
  A smoke demon (Volcano)
  2 molten gargoyles (Volcano)
  3 naga magi (Snake:2)
  7 spiny frogs
  6 rime drakes
  A torpor snail (Lair:4)
  2 komodo dragons (Lair:3)
  A red devil (Volcano)
  6 blink frogs
  9 hippogriffs
  11 yaks
  2 fire bats (Volcano)
  A hungry ghost (D:7)
  7 nagas
  16 water moccasins
  13 porcupines
  2 hell hounds (Volcano)
  2 orc warriors (D:7)
  A sky beast (D:5)
  An ice beast (D:7)
  A black bear (Lair:2)
  A phantom (D:7)
  5 centaurs (D:7)
  6 wolves (Lair:2)
  6 ogres
  8 crocodiles
  6 bullfrogs
  A water moccasin skeleton (D:8)
  5 killer bees (D:8)
  3 wights (D:9)
  3 howler monkeys
  A crimson imp (D:6)
  2 bullfrog zombies
  6 lava snakes (Volcano)
  4 hounds
  4 orc wizards
  A gnoll shaman (D:7)
  4 orc priests
  A centaur skeleton (D:6)
  3 bullfrog skeletons
  An iguana (D:8)
  5 worker ants
  A hound skeleton (D:5)
  A mummy (D:6)
  5 gnolls (D:7)
  A howler monkey zombie (D:5)
  14 adders
  A shadow imp (D:5)
  An ooze (D:2)
  2 adder skeletons
  An adder zombie (D:7)
  A worm (D:5)
  A dart slug (D:1)
  16 orcs
  A bat zombie (D:5)
  2 giant cockroaches
  2 hobgoblins (D:2)
  4 jackals (D:4)
  A quokka (D:5)
  3 ball pythons
  2 bats (D:1)
  2 frilled lizards (D:5)
  2 goblins (D:1)
  4 goblin zombies (Ossuary)
  2 hobgoblin zombies (Ossuary)
  A jackal zombie (D:6)
  3 kobolds (D:1)
  A leopard gecko skeleton (D:4)
  4 orc zombies (Ossuary)
  A quokka zombie (D:7)
  2 rats
  3 fungi
275 creatures vanquished.

Vanquished Creatures (collateral kills)
  2 hydras
  A spiny frog (Lair:3)
  A rime drake (Lair:3)
  A hippogriff (Lair:3)
  A basilisk (Lair:3)
  A crocodile (Lair:3)
  A plant (Lair:3)
8 creatures vanquished.

Vanquished Creatures (others)
  A naga sharpshooter (Snake:2)
  A naga mage (Snake:2)
  A black mamba (Snake:3)
  A guardian serpent (Snake:3)
  A fungus (Lair:5)
  A plant (Lair:2)
6 creatures vanquished.

Grand Total: 289 creatures vanquished

Notes
Turn   | Place    | Note
-------+----------+-------------------------------------------
     0 | D:1      | Flugslaktarn the Deep Dwarf Fighter began the quest for the
                  | Orb.
     0 | D:1      | Reached XP level 1. HP: 20/20 MP: 1/1
   219 | D:1      | Reached XP level 2. HP: 22/27 MP: 2/2
   340 | D:2      | Found a basalt altar of Yredelemnul.
   340 | D:2      | Found a faded altar of an unknown god.
   345 | D:2      | Found an ornate altar of the Wu Jian Council.
   347 | D:2      | Found a bloodstained altar of Trog.
   349 | D:2      | Found a snail-covered altar of Cheibriados.
   544 | D:4      | Reached skill level 3 in Axes
   544 | D:4      | Reached XP level 3. HP: 33/34 MP: 3/3
   545 | D:4      | Reached XP level 4. HP: 40/42 MP: 4/4
   566 | D:4      | Reached skill level 4 in Axes
   566 | D:4      | Reached XP level 5. HP: 43/49 MP: 5/5
   800 | D:4      | Noticed an ogre
   812 | D:4      | Killed an ogre
   812 | D:4      | Reached XP level 6. HP: 46/57 MP: 5/5
  1044 | D:5      | Entered Level 5 of the Dungeon
  1056 | D:5      | Found a radiant altar of Vehumet.
  1103 | D:5      | Reached skill level 5 in Axes
  1152 | D:5      | Noticed a sky beast
  1182 | D:5      | Killed a sky beast
  1251 | D:5      | Reached skill level 5 in Shields
  1251 | D:5      | Reached XP level 7. HP: 37/64 MP: 6/6
  1461 | D:5      | Reached skill level 5 in Armour
  1551 | D:5      | Found a glowing golden altar of the Shining One.
  1635 | D:5      | Found an ancient bone altar of Kikubaaqudgha.
  1722 | D:5      | Reached skill level 6 in Axes
  1733 | D:5      | Found a white marble altar of Elyvilon.
  1848 | D:6      | Found a sparkling altar of Nemelex Xobeh.
  2083 | D:6      | Found Idghom's Jewellery Shoppe.
  2200 | D:6      | Found a glowing silver altar of Zin.
  2201 | D:6      | Found an opulent altar of Gozag.
  2308 | D:6      | Found a hide-covered altar of Uskayaw.
  2355 | D:6      | Found a sand-covered staircase.
  2361 | D:6      | Reached XP level 8. HP: 61/73 MP: 6/6
  2364 | Ossuary  | Entered an ossuary
  2708 | D:7      | Found a staircase to the Ecumenical Temple.
  2733 | Temple   | Entered the Ecumenical Temple
  2805 | Temple   | Became a worshipper of Makhleb the Destroyer
  2901 | D:7      | Reached skill level 7 in Axes
  2998 | D:7      | Found a shimmering blue altar of Sif Muna.
  2999 | D:7      | Found an opulent altar of Gozag.
  2999 | D:7      | Found a shimmering blue altar of Sif Muna.
  2999 | D:7      | Found a hide-covered altar of Uskayaw.
  3033 | D:7      | Reached skill level 1 in Invocations
  3066 | D:7      | Noticed a hippogriff
  3086 | D:7      | Reached skill level 5 in Fighting
  3097 | D:7      | Killed a hippogriff
  3110 | D:7      | Reached skill level 8 in Axes
  3215 | D:7      | Gained mutation: You passively map the area around you.
                  | [Deep Dwarf growth]
  3215 | D:7      | Reached XP level 9. HP: 39/81 MP: 9/9
  3270 | D:7      | Reached * piety under Makhleb
  3358 | D:7      | Noticed barakagiga's ghost (novice DDFi)
  3361 | D:7      | Found a runed translucent door.
  3391 | D:7      | Killed barakagiga's ghost
  3391 | D:7      | Reached skill level 9 in Axes
  3602 | D:7      | Reached skill level 5 in Invocations
  3854 | D:8      | Found an ornate altar of the Wu Jian Council.
  4129 | D:8      | Reached ** piety under Makhleb
  4169 | D:8      | Found a staircase to the Lair.
  4317 | D:9      | Reached XP level 10. HP: 77/91 MP: 8/8
  4329 | D:9      | Found a staircase to the Orcish Mines.
  4361 | Lair:1   | Entered Level 1 of the Lair of Beasts
  4432 | Lair:1   | Reached skill level 10 in Axes
  4543 | Lair:1   | Noticed a spiny frog
  4555 | Lair:1   | Killed a spiny frog
  4721 | Lair:1   | Noticed a seven-headed hydra
  4832 | Lair:2   | Found a staircase to the Snake Pit.
  4919 | Lair:2   | Noticed a spiny frog
  4927 | Lair:2   | Killed a spiny frog
  4934 | Lair:2   | Reached skill level 11 in Axes
  4957 | Lair:2   | You fall into a shaft and drop 2 floors!
  4978 | Lair:4   | Noticed a torpor snail
  4990 | Lair:4   | Reached XP level 11. HP: 82/100 MP: 8/8
  4997 | Lair:4   | Noticed a catoblepas
  5019 | Lair:4   | Killed a catoblepas
  5051 | Lair:4   | Found a transporter.
  5051 | Lair:4   | Noticed a death yak
  5051 | Lair:4   | Noticed a six-headed hydra
  5207 | Lair:4   | Noticed Doschamyxt's ghost (journeyman MfGl)
  5217 | Lair:4   | Reached *** piety under Makhleb
  5560 | Lair:4   | Found a transporter.
  5761 | Lair:3   | Reached skill level 12 in Axes
  5848 | Lair:3   | Found a burning altar of Makhleb.
  5848 | Lair:3   | Noticed an oklob plant
  5943 | Lair:3   | Noticed a four-headed hydra
  5951 | Lair:3   | Killed a four-headed hydra
  6004 | Lair:3   | Found a white marble altar of Elyvilon.
  7058 | Lair:2   | Noticed an oklob plant
  7104 | Lair:2   | Found a staircase to the Shoals.
  7117 | Lair:2   | Reached XP level 12. HP: 110/110 MP: 8/8
  7797 | Lair:5   | Noticed a seven-headed hydra
  7808 | Lair:5   | Killed an eight-headed hydra
  7808 | Lair:5   | Reached skill level 13 in Axes
  7812 | Lair:5   | Found a dark tunnel.
  7900 | Volcano  | Entered a volcano
  8194 | Volcano  | Found a bloodstained altar of Trog.
  8206 | Volcano  | Reached skill level 10 in Shields
  8220 | Volcano  | Reached **** piety under Makhleb
  8220 | Volcano  | Reached skill level 10 in Armour
  8411 | Lair:5   | Reached skill level 10 in Invocations
  9190 | D:6      | Bought an uncursed ring of poison resistance for 200 gold
                  | pieces
  9190 | D:6      | Bought an uncursed ring of resist corrosion for 200 gold
                  | pieces
  9273 | Snake:1  | Entered Level 1 of the Snake Pit
  9291 | Snake:1  | Identified 2 scrolls of acquirement
  9291 | Snake:1  | Identified the -5 pair of boots of the Everdark {rElec rC+
                  | rN++ Dex-2} (You acquired it on level 1 of the Snake Pit)
  9291 | Snake:1  | Identified the ring of Heblih {rC+ Str+2 Dex+2} (You
                  | acquired it on level 1 of the Snake Pit)
  9292 | Snake:1  | Identified the ring "Likhlouh" {*Slow rF+ AC+2 Str+3
                  | Slay+3} (You acquired it on level 1 of the Snake Pit)
  9292 | Snake:1  | Identified a +2 pair of boots of running (You acquired it
                  | on level 1 of the Snake Pit)
  9523 | Snake:2  | Reached skill level 14 in Axes
  9590 | Snake:2  | Reached XP level 13. HP: 121/121 MP: 9/9
  9633 | Snake:2  | Got a dazzling chain mail
  9644 | Snake:2  | Identified the +0 chain mail of Jacay {Slay+5} (You found
                  | it on level 2 of the Snake Pit)
  9696 | Snake:3  | Noticed a nagaraja
  9696 | Snake:3  | Noticed a nagaraja
  9696 | Snake:3  | Noticed a nagaraja
  9702 | Snake:3  | Noticed a nagaraja
  9704 | Snake:3  | Killed a nagaraja
  9707 | Snake:3  | HP: 5/121 [nagaraja/+0 spear (17)]
  9708 | Snake:3  | Shot with a bolt by a naga sharpshooter

Levels and vault maps discovered:
D:1:      dpeg_arrival_boxorama, layout_loops_ring
D:2:      layout_loops_ring, gammafunk_temple_overflow_arena,
          chequers_temple_overflow_minitemple, dk_xom_monty_hall
D:3:      layout_basic, portal_sewer_entry_b, ebering_ghost_sewer_d,
          grunt_ministairs_8, grunt_dithmenos_smoke
D:4:      layout_cave_pools
D:5:      layout_loops_ring, fiery_altar_vehumet,
          lemuel_zombie_altar_kikubaaqudgha, basic_altar, first_ration,
          nicolae_tso_swordbearing_angel
D:6:      layout_gridville, grunt_temple_overflow_gold_and_silver,
          kennysheep_okawaru_gauntlet,
          chequers_temple_overflow_statue_of_worship, serial_shops,
          kennysheep_mini_moat, gup_ossuary_entry_pyramid
D:7:      minmay_the_grid_octo_2x2 [minmay_the_grid_octo_tetromino_candy,
          minmay_the_grid_octo_shrine, minmay_the_grid_octo_checkerflower,
          minmay_the_grid_octo_prize_single_spiral], layout_gridville,
          minmay_temple_entry_glass, hellmonk_ghost_happy_afterlife
D:8:      layout_basic, lair_entry_dummy, basic_altar
D:9:      cheibrodos_two_vegetables, layout_loops_ring, old_standard_altar,
          orc_0_dummy, serial_shops, shop_fountains, nicolae_elemental_shop
Temple:   dpeg_three_leaves_temple
Lair:1:   layout_cave_pods
Lair:2:   layout_hall_layers, minmay_shoals_entry_beasts,
          minmay_snake_entry_six_corridors, minmay_lair_oklob_items
Lair:3:   layout_hall_layers, basic_altar, serial_bayou_pond_c,
          lemuel_oklob_altar, lemuel_fruit_tree, infiniplex_staircase_pool_2,
          grunt_megastairs_4
Lair:4:   layout_hall_layers, gammafunk_ghost_berserking_beasts
Lair:5:   layout_cave_pods, nicolae_volcano_entry_hallway
Snake:1:  layout_chambers, serial_shops, shop_coins
Snake:2:  layout_gridlike, grunt_ministairs_4, guppyfry_snake_island
Snake:3:  layout_gridlike, evilmike_ambush [evilmike_ambush_outer_basic,
          evilmike_ambush_inner_basic], uniq_vashnia

Skill      XL: |  1  2  3  4  5  6  7  8  9 10 11 12 |
---------------+-------------------------------------+-----
Fighting       | 3 4 5 6 7 8 9 |  9.5
Axes           | 3 4 5 6 8 9 11 12 14 | 14.3
Armour         | 4 5 6 7 8 9 10 | 10.8
Shields        | 4 5 6 7 8 9 10 | 10.8
Invocations    | 3 5 7 9 11 | 11.6

Action                   |  1- 3 |  4- 6 |  7- 9 | 10-12 | 13-15 || total
-------------------------+-------+-------+-------+-------+-------++-------
Melee: War axe           |    46 |   160 |   409 |   604 |       ||  1219
       Broad axe         |       |       |       |    93 |    29 ||   122
Invok: Lesser Servant of |       |       |       |     4 |       ||     4
 Abil: Heal Wounds       |     1 |     4 |    14 |    15 |     1 ||    35
  Use: Scroll            |       |       |     9 |    18 |       ||    27
       Potion            |       |       |     2 |     1 |       ||     3
  Eat: Chunk             |       |     2 |    11 |    15 |       ||    28
       Ration            |       |       |     1 |     1 |       ||     2
Armor: Scale mail        |    24 |   106 |   100 |       |       ||   230
       Plate armour      |       |       |   156 |   498 |    11 ||   665
       Chain mail        |       |       |     3 |       |    31 ||    34
Dodge: Dodged            |    14 |    46 |    89 |   141 |    12 ||   302
Block: Kite shield       |    23 |    84 |   258 |   523 |    45 ||   933
       Reflection        |       |       |       |    24 |     5 ||    29

Table legend:
 A = Non-vault XP
 B = Vault XP
 C = Vault XP percentage of total XP
 D = Non-vault monster count
 E = Vault monster count
 F = Vault count percentage of total count
                 A         B        C        D         E       F
            +---------+---------+-------+---------+---------+-------
      Total |   31891 |   13350 |  29.5 |     219 |      64 |  22.6
            +---------+---------+-------+---------+---------+-------
        D:1 |      13 |       0 |   0.0 |       9 |       0 |   0.0
        D:2 |      12 |       0 |   0.0 |       4 |       0 |   0.0
        D:3 |      13 |       0 |   0.0 |       1 |       0 |   0.0
        D:4 |     441 |       0 |   0.0 |      21 |       0 |   0.0
        D:5 |     508 |       2 |   0.4 |      23 |       1 |   4.2
        D:6 |     431 |      16 |   3.6 |      10 |       1 |   9.1
        D:7 |    1580 |    1940 |  55.1 |      29 |      14 |  32.6
        D:8 |     475 |       0 |   0.0 |      11 |       0 |   0.0
        D:9 |     270 |       0 |   0.0 |       4 |       0 |   0.0
     Lair:1 |    2255 |       0 |   0.0 |      10 |       0 |   0.0
     Lair:2 |    4068 |    2049 |  33.5 |      22 |      13 |  37.1
     Lair:3 |    2975 |     321 |   9.7 |      13 |       2 |  13.3
     Lair:4 |    5834 |       0 |   0.0 |      25 |       0 |   0.0
     Lair:5 |    4219 |       0 |   0.0 |      17 |       0 |   0.0
    Snake:1 |    1013 |       0 |   0.0 |       2 |       0 |   0.0
    Snake:2 |    7784 |    1244 |  13.8 |      18 |       2 |  10.0
    Snake:3 |       0 |    4038 | 100.0 |       0 |       5 | 100.0
    Ossuary |       0 |      10 | 100.0 |       0 |      10 | 100.0
    Volcano |       0 |    3730 | 100.0 |       0 |      16 | 100.0
            +---------+---------+-------+---------+---------+-------
